 Dungeon Crawl Stone Soup version 0.28.0-53-g5a82cb258f (webtiles) character file.

Game seed: 5009909815413003379

849 Theotherone the Sneak (level 7, -2/32 HPs)
             Began as a Spriggan Enchanter on July 16, 2022.
             Splashed by a jelly's acid (6 damage)
             ... on level 5 of the Dungeon on July 23, 2022.
             The game lasted 00:29:23 (7181 turns).

Theotherone the Sneak (Spriggan Enchanter)          Turns: 7181, Time: 00:29:24

Health: -2/32      AC: -1    Str:  4    XL:     7   Next: 69%
Magic:  14/15      EV: 17    Int: 18    God:
Gold:   155        SH:  0    Dex: 16    Spells: 14/16 levels left

rFire   . . .      SeeInvis +   x - +1 short sword (flame)
rCold   . . .      Faith    .   (no shield)
rNeg    . . .      Spirit   .   h - +1 robe
rPois   .          Reflect  .   (helmet restricted)
rElec   .          Harm     .   (no cloak)
rCorr   .          Rampage  .   (gloves unavailable)
Will    +....                   (boots unavailable)
Stlth   ++++......              (no amulet)
HPRegen 0.10/turn               (no ring)
MPRegen 0.14/turn               (no ring)

@: corroded, very quick
A: very small, no large weapons, unfitting armour, see invisible, speed 3
a: no special abilities


You were on level 5 of the Dungeon.
You visited 1 branch of the dungeon, and saw 6 of its levels.

You collected 155 gold pieces.

Inventory:

Hand Weapons
 a - a +1 dagger
 b - a +0 hunting sling
 e - a +0 short sword
 s - a +0 rapier
 w - the +6 spear of Taxation {flame, rF- Str+5 Int+6}
   (You found it on level 5 of the Dungeon)

   It burns those it strikes, dealing additional fire damage.
   Str:       It affects your strength (+5).
   Int:       It affects your intelligence (+6).
   rF:        It makes you vulnerable to fire.
 x - a +1 short sword of flaming (weapon)
Missiles
 k - 21 sling bullets
 p - 5 atropa-tipped darts (quivered)
Armour
 h - a +1 robe (worn)
 i - an orb of energy
Jewellery
 f - a ring of ice
Wands
 t - a wand of charming (5)
Scrolls
 d - a scroll of teleportation
 j - a scroll of identify {@r1}
 o - a scroll of torment
 r - 2 scrolls of vulnerability
 u - a scroll of fog
Potions
 c - a potion of invisibility
 g - a potion of haste
 l - a potion of attraction {unknown}
 m - a potion of resistance {unknown}
 n - 2 potions of curing {unknown}
 q - a potion of ambrosia {unknown}
 v - a potion of experience {unknown}


   Skills:
 + Level 1.9 Short Blades
 - Level 2.6 Dodging
 + Level 7.7 Stealth
 - Level 5.0 Spellcasting
 - Level 6.2 Hexes
 - Level 4.1 Ice Magic


You had 14 spell levels left.
You knew the following spells:

 Your Spells              Type           Power      Damage    Failure   Level
a - Ensorcelled Hibernat  Hex/Ice        46%        N/A       2%          2

Your spell library contained the following spells:

 Spells                   Type           Power      Damage    Failure   Level
 Confusing Touch          Hex            26%        N/A       3%          3
 Tukima's Dance           Hex            26%        N/A       3%          3
 Dazzling Flash           Conj/Hex       30%        N/A       11%         3


Dungeon Overview and Level Annotations

Branches:
Dungeon (6/15)
 Temple: D:4-7

Altars:
Xom

Shops:
D:1 =   D:6 *


Innate Abilities, Weirdness & Mutations

You are very small and have problems with some larger weapons.
You are too small for most types of armour.
You have supernaturally acute eyesight. (SInv)
You cover ground extremely quickly. (Speed+++)


Message History

Your orc warrior dies!
Training target 5.0 for Spellcasting reached!
Your Spellcasting skill increases to level 5!
Unknown command.
Casting: Ensorcelled Hibernation (safe; 2% risk of failure)
Confirm with . or Enter, or press ? or * to list all spells.
Aiming: Ensorcelled Hibernation (safe; 2% risk of failure)
Press: ? - help, Shift-Dir - straight line, f - orc wizard
Aim: an orc wizard, wielding a +0 dagger and wearing a +0 robe (heavily wounded, slightly transparent, chance to affect: 55%)
The orc wizard looks drowsy...
The helpless orc wizard fails to defend itself.
You impale the orc wizard!! You burn the orc wizard.
You kill the orc wizard!
The orc throws a boomerang.
The boomerang closely misses you.
Items here: )) [[ †.
You closely miss the orc. The orc hits you with a +0 dagger.
You hit the orc. You burn the orc.
The orc is severely wounded.
The orc completely misses you.
You hit the orc. You burn the orc.
The orc is almost dead.
The orc completely misses you.
You hit the orc. You burn the orc.
You kill the orc!
You hit the jelly. You burn the jelly. The acid corrodes you!
Your hands burn!
* * * LOW HITPOINT WARNING * * *
The jelly is lightly wounded.
You hit the jelly but do no damage.
Your hands burn!
* * * LOW HITPOINT WARNING * * *
The jelly is lightly wounded.
The jelly barely misses you. The jelly closely misses you.
Found a scroll of identify.
There is a stone staircase leading up here.
The jelly completely misses you.
You climb upwards.
There is a stone staircase leading down here.
The jelly hits you.
* * * LOW HITPOINT WARNING * * *
You are splashed with acid.
You die...

##........## #..........#
#..........# ###..........# ##
.##..........###################.
.................................
####............#.........######.
..#..........##J..........#####..
..#.[..........>@................
.(...........##.#.........#####..
..#..........##.#.........####...
..#<.........##.#................
####........###.....##.#(#####...
##......## ##....##.#.# #..#
######## #....##...#####..#
###....###..#......#
##########...................


You could see a jelly.

Vanquished Creatures
  An orc warrior (D:6)
  A black bear (D:5)
  A sky beast (D:4)
  An ogre (D:5)
  A water moccasin zombie (D:5)
  A water moccasin skeleton (D:5)
  2 iguanas (D:5)
  3 orc wizards
  A hound skeleton (D:4)
  6 adders
  An adder skeleton (D:4)
  4 dart slugs
  8 orcs
  5 ball pythons
  7 bats
  6 endoplasms
  3 giant cockroaches
  4 goblins
  7 hobgoblins
  5 jackals
  7 quokkas
  3 frilled lizards
  7 kobolds
  5 rats
90 creatures vanquished.

Vanquished Creatures (collateral kills)
  An orc wizard (D:6)
1 creature vanquished.

Vanquished Creatures (others)
  An orc warrior (D:6)
1 creature vanquished.

Grand Total: 92 creatures vanquished

Notes
Turn   | Place    | Note
-------+----------+-------------------------------------------
     0 | D:1      | Theotherone the Spriggan Enchanter began the quest for the
                  | Orb.
     0 | D:1      | Reached XP level 1. HP: 9/9 MP: 5/5
   347 | D:1      | Reached skill level 5 in Stealth
   586 | D:1      | Reached XP level 2. HP: 13/13 MP: 6/6
   589 | D:1      | Learned a level 2 spell: Ensorcelled Hibernation
   619 | D:1      | Found Foekaam's Jewellery Emporium.
   785 | D:1      | Reached skill level 6 in Stealth
   984 | D:1      | Found a faded altar of an unknown god.
  1439 | D:1      | Reached XP level 3. HP: 11/16 MP: 8/8
  2114 | D:2      | Reached skill level 7 in Stealth
  2976 | D:3      | Reached XP level 4. HP: 12/21 MP: 9/9
  4012 | D:4      | Reached skill level 5 in Hexes
  4102 | D:4      | Noticed a sky beast
  4113 | D:4      | Killed a sky beast
  4114 | D:4      | Reached XP level 5. HP: 24/24 MP: 4/12
  4202 | D:4      | Found a shimmering altar of Xom.
  5318 | D:5      | Entered Level 5 of the Dungeon
  5577 | D:5      | Noticed an ogre
  5600 | D:5      | Killed an ogre
  5601 | D:5      | Reached XP level 6. HP: 10/28 MP: 4/14
  5941 | D:5      | Reached skill level 1 in Ice Magic
  6083 | D:5      | Identified the +6 spear of Taxation {flame, rF- Str+5
                  | Int+6}
  6119 | D:5      | Reached XP level 7. HP: 13/32 MP: 15/15
  6904 | D:6      | Found Saahopoc's General Store.
  7167 | D:6      | Reached skill level 5 in Spellcasting
  7181 | D:5      | Splashed by a jelly's acid

Illustrated notes

Levels and vault maps discovered:
D:1:      amcnicky_arrival_blooded_trapdoor, layout_basic,
          chequers_ecumenical_altar_lobes, serial_shops, shop
D:2:      layout_loops_cross, minivault_4
D:3:      layout_loops_ring
D:4:      layout_basic, nicolae_overflow_hidden_temple
D:5:      layout_rooms, kennysheep_another_room, hangedman_decor_growths,
          serial_bayou_pond_c
D:6:      nicolae_cairo_tiling_very_big, layout_rooms, fedhas_altar_3,
          serial_shops, shop, kennysheep_mini, shop, grunt_decor_one_mirror

Skill      XL: |  1  2  3  4  5  6  7 |
---------------+----------------------+-----
Stealth        | 5 6 7 |  7.7
Hexes          | 4 5 6 |  6.2
Spellcasting   | 4 5 |  5.0
Ice Magic      | 2 4 |  4.1
Short Blades   | |  1.9
Dodging        | |  2.6

Action                   |  1- 3 |  4- 6 |  7- 9 || total
-------------------------+-------+-------+-------++-------
Melee: Dagger            |   137 |   114 |       ||   251
       Punch             |     3 |     3 |     1 ||     7
       Spear             |       |     4 |    35 ||    39
       Short sword       |       |       |    12 ||    12
Throw: Dart              |     1 |     1 |       ||     2
 Cast: Ensorcelled Hiber |     1 |    28 |    12 ||    41
Evoke: Wand              |       |       |     1 ||     1
  Use: Potion            |     2 |       |       ||     2
       Scroll            |       |    10 |       ||    10
 Stab: Sleeping          |    19 |    33 |     7 ||    59
       Distracted        |     1 |       |       ||     1
       Invisible         |       |     1 |       ||     1
Armor: Robe              |     6 |    10 |     2 ||    18
Dodge: Dodged            |    69 |   104 |    34 ||   207
